 Dungeon Crawl Stone Soup version 0.32-a0-913-g739538afd8 (webtiles) character file.

Game seed: 17245533305334103531

8055 pascalblue the Geomancer (level 11, 0/54 HPs)
             Began as a Deep Elf Earth Elementalist on Apr 5, 2024.
             Was a Believer of Sif Muna.
             Slain by a steam dragon (5 damage)
             ... on level 9 of the Dungeon on Apr 9, 2024.
             The game lasted 00:27:46 (10346 turns).

pascalblue the Geomancer (DEEE)                    Turns: 10346, Time: 00:27:47

Health: 0/54       AC:  5    Str:  5    XL:     11   Next: 4%
Magic:  33/36      EV: 12    Int: 25    God:    Sif Muna [**....]
Gold:   799        SH:  0    Dex: 15    Spells: 9/30 levels left

rFire   . . .        x - +5 short sword
rCold   + . .        (no shield)
rNeg    . . .        H - +1 robe "Usez" {rC+}
rPois   .            l - +1 hat
rElec   .            (no cloak)
rCorr   +            q - +0 pair of gloves "Jodifom" {+Inv rCorr}
SInv    .            (no boots)
Will    +....        (no amulet)
Stlth   ++           y - ring of magical power
HPRegen 0.29/turn    t - ring of flight
MPRegen 0.25/turn

%: no passive effects
@: about to teleport, flying, very slightly contaminated
A: no striking features
a: Renounce Religion, Evoke Invisibility, Channel Magic


You were on level 9 of the Dungeon.
You worshipped Sif Muna.
Sif Muna was pleased with you.
You visited 2 branches of the dungeon, and saw 10 of its levels.
You also visited: Ossuary.

You collected 799 gold pieces.

Inventory:

Hand Weapons
 e - a +0 dagger
 m - a +1 orcbow of flaming
 x - a +5 short sword (weapon)
Armour
 a - a +0 robe
 h - a +0 hat
 k - a +0 pair of gloves
 l - a +1 hat (worn)
 q - the +0 pair of gloves "Jodifom" (worn) {+Inv rCorr}
   (You found it on level 6 of the Dungeon)

   +Inv:      It lets you turn invisible.
   rCorr:     It protects you from acid and corrosion.
 H - the +1 robe "Usez" (worn) {rC+}
   (You took it off a gnoll bouda on level 9 of the Dungeon)

   rC+:       It protects you from cold.
Jewellery
 j - a +4 ring of protection
 s - a +6 ring of strength
 t - a ring of flight (right hand)
 y - a ring of magical power (left hand)
Wands
 D - a wand of mindburst (15)
Scrolls
 d - 6 scrolls of identify
 f - a scroll of teleportation
 g - 3 scrolls of blinking
 r - 2 scrolls of revelation
 v - a scroll of torment {unknown}
 B - a scroll of enchant weapon
 C - a scroll of vulnerability
 E - 2 scrolls of amnesia
 F - a scroll of acquirement {unknown}
 G - a scroll of fog
Potions
 b - 3 potions of magic
 c - 5 potions of mutation
 i - 4 potions of cancellation
 n - 4 potions of invisibility {unknown}
 o - a potion of resistance {unknown}
 p - a potion of lignification {unknown}
 u - a potion of degeneration {unknown}
 w - 2 potions of ambrosia {unknown}
 z - a potion of enlightenment {unknown}
 A - 3 potions of heal wounds {unknown}


   Skills:
 - Level 3.0 Dodging
 - Level 2.4 Stealth
 + Level 10.1 Spellcasting
 * Level 11.4 Conjurations
 * Level 11.9 Earth Magic
 + Level 4.4 Alchemy


You had 9 spell levels left.
You knew the following spells:

 Your Spells              Type           Power      Damage    Failure   Level
a - Sandblast             Erth           100%       2d20      1%          1
b - Stone Arrow           Conj/Erth      100%       3d13      1%          3
c - Brom's Barrelling Bo  Conj/Erth      63%        2d8       1%          4
d - Petrify               Alch/Erth      52%        N/A       1%          4
e - Leda's Liquefaction   Alch/Erth      26%        N/A       1%          4
f - Lee's Rapid Deconstr  Erth           32%        3d16*     1%          5

Your spell library contained the following spells:

 Spells                   Type           Power      Damage    Failure   Level
 Passwall                 Erth           64%        N/A       1%          3
 Permafrost Eruption      Ice/Erth       21%        2x4d5     54%         6


Dungeon Overview and Level Annotations

Branches:
Dungeon (9/15)             Temple (1/1) D:6             Orc (0/2) D:9
Ossuary (visited)
   Lair: D:8-11

Altars:
Ashenzari
Cheibriados
Dithmenos
Elyvilon
Fedhas
Gozag
Hepliaklqana
Kikubaaqudgha
Makhleb
Nemelex Xobeh
Okawaru
Qazlal
Ru
Sif Muna
Trog
Uskayaw
Vehumet
Wu Jian
Xom
Yredelemnul
Zin
The Shining One

Annotations:
D:3 2 transporters
D:8 1 runed translucent door


Message History

The ball of steam hits you!
You are engulfed in a cloud of scalding steam.
The killer bee is engulfed in a cloud of scalding steam.
There is an open door here.
You are engulfed in a cloud of scalding steam.
The killer bee is engulfed in a cloud of scalding steam.
The killer bee attacks as it pursues you!
The killer bee stings you.
The killer bee is engulfed in a cloud of scalding steam.
The killer bee stings you.
You are engulfed in a cloud of scalding steam.
The killer bee is engulfed in a cloud of scalding steam.
The killer bee closely misses you.
The killer bee is engulfed in a cloud of scalding steam.
The killer bee dies!
Reactivating autopickup.
Casting: Sandblast (safe; 1% risk of failure)
Confirm with . or Enter, or press ? or * to list all spells.
Aiming: Stone Arrow (safe; 1% risk of failure)
Press: ? - help, Shift-Dir - straight line, f - steam dragon
Aim: a steam dragon (78% to hit)
You miscast Stone Arrow.
You are very lightly contaminated with residual magic.
Nothing appears to happen.
The steam dragon breathes steam at you. The ball of steam hits you!
* * * LOW HITPOINT WARNING * * *
Okay, then.
Blink to where?
Press: ? - help, Dir - move target, p - steam dragon You can't see that place. [the floor.]
Okay, then.
As you read the scroll of teleportation, it crumbles to dust.
You feel strangely unstable.
You are engulfed in a cloud of scalding steam.
* * * LOW HITPOINT WARNING * * *
The steam dragon attacks as it pursues you!
The steam dragon bites you.
You die...

## ##.....#♣.. .♣ ♣..♣
# ##.††##♣... y ...♣ #
##'## ♣...♣♣.♣♣...♣ ##
#.# ♣....♣....♣ .## #.#
♣.......♣ #.# ##.##
♣.§§..♣ ..#######...##
♣♣♣)♣♣♣
.............#######†##
...#.##.......§§@D§§..#
..###.......###########
.## ##......#
..###.#...>##
...#....##.#
###.######.# #####
####.###### ..#
#.........# #.#
#.##.####.#


You could see a steam dragon (catching breath).

Vanquished Creatures
  2 two-headed ogres
  Sigmund (D:2)
  9 yaks
  2 shadows (D:9)
  4 vampire mosquitoes (D:9)
  2 steam dragons
  2 ice beasts
  An orc warrior (D:7)
  3 sky beasts
  A black bear (D:6)
  An ogre (D:5)
  4 centaurs
  A weeping skull (Ossuary)
  Blork the orc (D:5)
  2 phantoms
  An elf zombie (Ossuary)
  3 bullfrogs
  4 kobold brigands
  5 scorpions
  13 wights
  4 killer bees (D:9)
  6 howler monkeys
  An electric eel (D:6)
  A gnoll bouda (D:9)
  4 human zombies (Ossuary)
  3 orc priests
  2 bombardier beetles
  4 hounds
  2 jellies
  5 iguanas
  4 orc wizards
  A crocodile zombie (Ossuary)
  4 hound zombies (Ossuary)
  3 mummies (Ossuary)
  7 gnolls
  5 adders
  A shadow imp (D:6)
  2 white imps
  6 adder zombies (Ossuary)
  6 dart slugs
  A ribbon worm (D:3)
  13 orcs
  7 ball pythons
  6 bats
  3 endoplasms
  2 giant cockroaches
  11 goblins
  8 hobgoblins
  5 jackals
  2 quokkas
  2 ball python zombies (Ossuary)
  5 frilled lizards
  3 jackal zombies (Ossuary)
  38 kobolds
  3 kobold zombies (Ossuary)
  An orc zombie (Ossuary)
  3 rats
246 creatures vanquished.

Vanquished Creatures (others)
  A killer bee (D:9)
  2 orc wizards
3 creatures vanquished.

Grand Total: 249 creatures vanquished

Notes
Turn   | Place    | Note
-------+----------+-------------------------------------------
     0 | D:1      | pascalblue the Deep Elf Earth Elementalist began the quest
                  | for the Orb.
     0 | D:1      | Reached XP level 1. HP: 10/10 MP: 6/6
   159 | D:1      | Reached XP level 2. HP: 15/15 MP: 5/8
   662 | D:1      | Reached XP level 3. HP: 19/19 MP: 6/9
   666 | D:1      | Learned a level 3 spell: Stone Arrow
  1374 | D:2      | Found a snail-covered altar of Cheibriados.
  1775 | D:2      | Noticed Sigmund
  1782 | D:2      | Killed Sigmund
  1783 | D:2      | Reached skill level 5 in Earth Magic
  1783 | D:2      | Reached XP level 4. HP: 15/24 MP: 6/12
  1783 | D:2      | Reached XP level 5. HP: 17/28 MP: 6/13
  2153 | D:3      | Reached XP level 6. HP: 19/32 MP: 4/14
  2378 | D:3      | Found a transporter.
  2378 | D:3      | Noticed a sky beast
  2380 | D:3      | Found a white marble altar of Elyvilon.
  2380 | D:3      | Found a transporter.
  3000 | D:4      | Found a hazy altar of Hepliaklqana.
  3054 | D:4      | Found an opulent altar of Gozag.
  3144 | D:4      | Reached skill level 5 in Spellcasting
  3345 | D:4      | Found a glowing golden altar of the Shining One.
  3385 | D:4      | Reached XP level 7. HP: 36/36 MP: 11/16
  3438 | D:4      | Found a sparkling altar of Nemelex Xobeh.
  3632 | D:4      | Learned a level 4 spell: Brom's Barrelling Boulder
  3640 | D:5      | Entered Level 5 of the Dungeon
  3647 | D:5      | Reached skill level 5 in Conjurations
  3742 | D:5      | Noticed Blork the orc
  3751 | D:5      | Killed Blork the orc
  4254 | D:5      | Found a sand-covered staircase.
  4258 | Ossuary  | Entered an ossuary
  4321 | Ossuary  | Reached XP level 8. HP: 38/41 MP: 19/19
  5453 | D:6      | Found a staircase to the Ecumenical Temple.
  5462 | Temple   | Entered the Ecumenical Temple
  5509 | Temple   | Became a worshipper of Sif Muna the Loreminder
  5669 | D:6      | Reached XP level 9. HP: 42/45 MP: 13/22
  5674 | D:6      | Identified the +0 pair of gloves "Jodifom" {+Inv rCorr}
  7032 | D:7      | Learned a level 4 spell: Petrify
  7053 | D:7      | Reached skill level 10 in Earth Magic
  7334 | D:8      | Reached * piety under Sif Muna
  7425 | D:8      | Reached skill level 1 in Alchemy
  7445 | D:8      | Found a runed translucent door.
  7446 | D:8      | Found a burning altar of Makhleb.
  7446 | D:8      | Noticed a sixfirhy
  7490 | D:8      | Noticed a two-headed ogre
  7492 | D:8      | Killed a two-headed ogre
  7493 | D:8      | Reached XP level 10. HP: 50/50 MP: 24/24
  7586 | D:8      | Reached skill level 10 in Conjurations
  8149 | D:8      | Found a stormy altar of Qazlal.
  8159 | D:8      | Found a snail-covered altar of Cheibriados.
  8331 | D:8      | Found a hide-covered altar of Uskayaw.
  8336 | D:8      | Reached ** piety under Sif Muna
  8534 | D:8      | Found a sacrificial altar of Ru.
  9139 | D:9      | Noticed a two-headed ogre
  9147 | D:9      | Killed a two-headed ogre
  9546 | D:9      | Reached skill level 10 in Spellcasting
  9746 | D:9      | Found a staircase to the Orcish Mines.
  9747 | D:9      | Upgraded the game from 0.32-a0-900-g30fb1b0edc to
                  | 0.32-a0-913-g739538afd8
  9787 | D:9      | Learned a level 4 spell: Leda's Liquefaction
  9795 | D:9      | Reached XP level 11. HP: 33/54 MP: 27/27
  9801 | D:9      | Learned a level 5 spell: Lee's Rapid Deconstruction
 10215 | D:9      | Identified the +1 robe "Usez" {rC+}
 10346 | D:9      | Slain by a steam dragon

Illustrated notes

Levels and vault maps discovered:
D:1:      lightli_arrival_quake, layout_loops_corners, minmay_vboxes
D:2:      layout_basic, basic_altar, uniq_sigmund
D:3:      layout_basic, gammafunk_temple_overflow_arena
D:4:      layout_basic, mainiacjoe_overflow_catwalk_spiral,
          nemelex_dance_club_becter, mainiacjoe_overflow_surrounded_room
D:5:      layout_basic, nicolae_ossuary_entry_plus,
          minmay_misc_feat_four_crosses, uniq_blork_the_orc
D:6:      layout_basic, minmay_temple_entry_waves, fountainhead
D:7:      layout_cave_pools, serial_bayou_lagoon_a
D:8:      layout_loops_ring, nicolae_uskayaw_dance_studio,
          nzn_makhleb_speed_demon, lemuel_coloured_pillars_altar,
          jmf_multi_god_temple, serial_rivers, chequers_serial_rivers_marsh,
          chequers_serial_rivers_micro_a, chequers_serial_rivers_micro_b,
          chequers_serial_rivers_marsh, chequers_serial_rivers_small_b,
          chequers_serial_rivers_micro_c, amethyst_killhole
D:9:      layout_loops_corners, orc_0_dummy, minmay_misc_feat_roman,
          kennysheep_generic_room_2
Temple:   minmay_temple_forest_path

Skill      XL: |  1  2  3  4  5  6  7  8  9 10 |
---------------+-------------------------------+-----
Earth Magic    | 5 6 7 8 10 11 | 11.9
Dodging        | 3 |  3.0
Conjurations   | 3 4 6 8 9 11 | 11.4
Spellcasting   | 4 5 6 7 8 10 | 10.1
Alchemy        | 2 4 |  4.4
Stealth        | |  2.4

Action                     |  1- 3 |  4- 6 |  7- 9 | 10-12 || total
---------------------------+-------+-------+-------+-------++-------
  Melee: Dagger            |       |     2 |       |       ||     2
         Short sword       |       |       |       |     3 ||     3
   Cast: Sandblast         |    63 |    61 |    96 |    35 ||   255
         Stone Arrow       |       |       |    79 |    81 ||   160
         Leda's Liquefacti |       |       |       |     1 ||     1
         Lee's Rapid Decon |       |       |       |     2 ||     2
    Use: Scroll            |       |       |    12 |     1 ||    13
 Armour: Robe              |     8 |    12 |    45 |    40 ||   105
  Dodge: Dodged            |    19 |    13 |    45 |    37 ||   114

Table legend: (Time is in decaauts)
 A = Elapsed time spent in this place.
 B = Non-inter-level travel time spent in this place.
 C = Inter-level travel time spent in this place.
 D = Time resting spent in this place.
 E = Time spent auto-exploring this place.
 F = Levels seen in this place.
 G = Mean time per level.
                   A        B        C        D        E       F      G
               +--------+--------+--------+--------+--------+-----+--------+
         Total |  10468 |  10252 |    216 |    405 |   8260 |  11 |  951.6 |
       Dungeon |   9853 |   9637 |    216 |    405 |   7894 |   9 | 1094.8 |
        Temple |     94 |     94 |      0 |      0 |      0 |   1 |   94.0 |
       Ossuary |    520 |    520 |      0 |      0 |    366 |   1 |  520.0 |
               +--------+--------+--------+--------+--------+-----+--------+

Top non-repeatable levels by time:
     D:8: 1689 daAuts
     D:9: 1345 daAuts
     D:6: 1233 daAuts
     D:1: 1174 daAuts
     D:7: 1004 daAuts
     D:2: 963 daAuts
     D:5: 879 daAuts
     D:4: 817 daAuts
     D:3: 745 daAuts
 Ossuary: 520 daAuts
  Temple: 94 daAuts
